 Dungeon Crawl Stone Soup version 0.27-a0-1456-gf5a116941d (webtiles) character file.

Game seed: 9947194016839781157

6534 Majang the Cleaver (level 10, -10/91 HPs)
             Began as a Deep Dwarf Transmuter on July 5, 2021.
             Was a Follower of Cheibriados.
             Collided with a stone wall (16 damage)
             ... caused by a rakshasa
             ... on level 9 of the Dungeon on July 6, 2021.
             The game lasted 00:53:48 (9125 turns).

Majang the Cleaver (Deep Dwarf Transmuter)          Turns: 9125, Time: 00:53:50

Health: -10/91     AC: 15    Str: 26    XL:     10   Next: 69%
Magic:  10/10      EV: 14    Int: 17    God:    Cheibriados [*.....]
Gold:   107        SH:  0    Dex: 16    Spells: 14/17 levels left

rFire    . . .     SeeInvis .   s - +5 mace "Giantslayer" {flame, rElec rC- Will++}
rCold    . . .     Faith    .   (no shield)
rNeg     . . .     Spirit   .   l - +4 ring mail {rC+}
rPois    +         Reflect  .   c - +0 helmet
rElec    +         Harm     +   r - +2 cloak
rCorr    .         Rampage  .   (no gloves)
Will     +++..                  e - +0 pair of boots "Diocozy" {Harm rElec}
Stlth    +.........             p - amulet of magic regeneration
HPRegen  0.00/turn              D - +6 ring of strength
MPRegen  0.37/turn              E - ring of poison resistance

@: wereblooded, very slow
A: damage resistance, heal wounds, sense surroundings 2, no regeneration
a: Heal Wounds, Renounce Religion, Bend Time


You were on level 9 of the Dungeon.
You worshipped Cheibriados.
Cheibriados was aware of your devotion.
You visited 3 branches of the dungeon, and saw 11 of its levels.
You also visited: Sewer.

You collected 484 gold pieces.
You spent 377 gold pieces at shops.

Inventory:

Hand Weapons
 a - a +0 war axe of electrocution
 b - a +1 vampiric spear
 s - the +5 mace "Giantslayer" (weapon) {flame, rElec rC- Will++}
   (You found it on level 4 of the Dungeon)

   It has been specially enchanted to burn those struck by it, causing extra
   injury to most foes and up to half again as much damage against particularly
   susceptible opponents.
   rC:        It makes you vulnerable to cold.
   rElec:     It insulates you from electricity.
   Will:      It greatly increases your willpower.
 x - a +2 battleaxe
 y - a +2 flail of protection
Missiles
 j - 5 javelins
 C - a curare-tipped dart
Armour
 c - a +0 helmet (worn)
 e - the +0 pair of boots "Diocozy" (worn) {Harm rElec}
   (You bought it in a shop on level 8 of the Dungeon)

   rElec:     It insulates you from electricity.
   Harm:      It increases damage dealt and taken.
 l - a +4 ring mail of cold resistance (worn)
 r - a +2 cloak (worn)
 v - a +0 ring mail of willpower
 w - a scarf of shadows
 z - a +0 pair of boots
Jewellery
 p - an amulet of magic regeneration (around neck)
 D - a +6 ring of strength (left hand)
 E - a ring of poison resistance (right hand)
Wands
 d - a wand of flame (22)
 G - a wand of iceblast (5)
Scrolls
 h - 3 scrolls of fog
 m - 4 scrolls of fear
 o - a scroll of identify
 u - 3 scrolls of amnesia
 A - a scroll of teleportation
Potions
 f - 6 potions of curing
 g - 2 potions of resistance
 i - 4 potions of brilliance
 k - a potion of attraction
 n - 4 potions of lignification
 q - a potion of ambrosia
 t - 3 potions of flight
 B - 2 potions of mutation {unknown}


   Skills:
 + Level 5.9 Fighting
 * Level 11.2 Axes
 + Level 4.8 Armour
 + Level 5.5 Dodging
 - Level 2.6 Unarmed Combat
 + Level 4.1 Spellcasting
 + Level 8.8 Transmutations
 + Level 2.8 Invocations


You had 14 spell levels left.
You knew the following spells:

 Your Spells              Type           Power      Damage    Failure   Level
a - Beastly Appendage     Tmut           66%        N/A       1%          1
b - Wereblood             Tmut           33%        N/A       1%          2

Your spell library contained the following spells:

 Spells                   Type           Power      Damage    Failure   Level
 Spider Form              Tmut/Pois      9%         N/A       11%         3
 Foxfire                  Conj/Fire      12%        2x1d4     22%         1
 Poisonous Vapours        Pois/Air       6%         N/A       34%         2
 Slow                     Hex            3%         N/A       34%         2
 Sublimation of Blood     Necr           1%         N/A       34%         2
 Ice Form                 Ice/Tmut       18%        N/A       36%         4
 Petrify                  Tmut/Erth      18%        N/A       36%         4
 Confusing Touch          Hex            3%         N/A       56%         3
 Conjure Flame            Conj/Fire      3%         6-21      56%         3
 Inner Flame              Hex/Fire       3%         N/A       56%         3
 Mephitic Cloud           Conj/Pois/Air  3%         N/A       56%         3
 Vampiric Draining        Necr           1%         2d6       56%         3
 Irradiate                Conj/Tmut      9%         3d16      71%         5
 Yara's Violent Unravell  Hex/Tmut       9%         3d6       71%         5
 Freezing Cloud           Conj/Ice/Air   1%         6-21      99%         5


Dungeon Overview and Level Annotations

Branches:
Dungeon (9/15)             Temple (1/1) D:6            Lair (1/6) D:8
  Sewer (visited)
    Orc: D:9-12

Altars:
Ashenzari
Cheibriados
Dithmenos
Elyvilon
Gozag
Hepliaklqana
Kikubaaqudgha
Makhleb
Nemelex Xobeh
Okawaru
Qazlal
Ru
Sif Muna
Trog
Vehumet
Wu Jian
Yredelemnul
Zin
The Shining One

Shops:
D:7 *   D:8 ((*(

Annotations:
Lair:1 Urug


Innate Abilities, Weirdness & Mutations

You are resistant to damage.
You can heal yourself by infusing magical energy.
You passively map the area around you.
You do not regenerate.


Message History

The rakshasa hits you with a +0 long sword.
You feel the dreadful sensation subside.
The +5 mace "Giantslayer" {flame, rElec rC- Will++} bursts into flame!
s - the +5 mace "Giantslayer" (weapon)
{flame, rElec rC- Will++} You closely miss the rakshasa.
The rakshasa is lightly wounded.
The rakshasa gestures at you. The lance of force hits you!
You are knocked back by the lance of force.
You slam into the stone wall!
* * * LOW HITPOINT WARNING * * *
You feel much better.
The rakshasa weaves an illusion.
The green ugly thing shimmers and seems to become two!
The green ugly thing basks in the mutagenic energy from its kin and changes!
Throw: 6 javelins
Press: ? - help, Shift-Dir - straight line, f/p - brown ugly thing
Aim: a brown ugly thing (lightly wounded, 62% to hit)
You throw a javelin. The javelin barely misses the rakshasa.
The javelin barely misses the brown ugly thing.
The rakshasa gestures at you. The lance of force hits you!
You are knocked back by the lance of force.
You slam into the stone wall!
The green ugly thing basks in the mutagenic energy from its kin and changes!
You hit the rakshasa. You burn the rakshasa.
The rakshasa is moderately wounded.
The rakshasa misses you.
You sock the rakshasa! You burn the rakshasa.
The rakshasa is moderately wounded.
The rakshasa hits you with a +0 long sword!
* * * LOW HITPOINT WARNING * * *
Your magical essence is drained by the effort!
You feel much better. The rakshasa gestures at you.
The lance of force hits you!!
* * * LOW HITPOINT WARNING * * *
You are knocked back by the lance of force.
You slam into the stone wall!
You die...

....#.#........#
, ≈ ≈,
..#............#
, ,, *
#.#..##..[.....#,
........#####..#
* , ####.####
#..## * * ,* #.#
#...# #.# #...#
#.# * #...## *, ,
..# , #...@# * **
** ### ** *
####R# ,, , ,*
#u# * , , *
.......u....... *
.#.##...###.##.
,, * .....# , ,,
, ......# ,
#+#...(# * *
#..###


You could see 2 ugly things and a rakshasa.

Vanquished Creatures
  A two-headed ogre (D:6)
  Pikel (D:4)
  Maurice (D:8)
  A komodo dragon (D:8)
  Sigmund (D:5)
  2 steam dragons
  A water moccasin (D:8)
  A sky beast (D:5)
  3 black bears
  A necrophage (D:6)
  3 ogres
  2 ice beasts
  4 centaurs
  2 kobold brigands (Sewer)
  5 bullfrogs
  2 scorpions
  A wyvern zombie (D:7)
  A wyvern skeleton (D:7)
  4 wights (D:7)
  2 centaur zombies
  A gnoll shaman (D:7)
  An orc priest (D:8)
  A centaur skeleton (D:7)
  A jelly (D:7)
  Crazy Yiuf (D:4)
  An iguana (D:6)
  3 bullfrog skeletons
  3 orc wizards
  A killer bee zombie (D:7)
  A hound zombie (D:5)
  A hound skeleton (D:2)
  8 gnolls
  2 howler monkey skeletons
  13 adders
  2 river rats (Sewer)
  A shadow imp (D:5)
  2 white imps
  An ufetubus (D:6)
  4 worms (Sewer)
  4 dart slugs
  18 orcs
  8 ball pythons
  2 bats
  8 endoplasms
  A giant cockroach (D:2)
  6 goblins
  5 hobgoblins
  14 jackals
  14 kobolds
  5 quokkas
  5 frilled lizards
  8 rats
185 creatures vanquished.

Vanquished Creatures (others)
  16 fungi (D:7)
  3 plants (D:8)
19 creatures vanquished.

Grand Total: 204 creatures vanquished

Notes
Turn   | Place    | Note
-------+----------+-------------------------------------------
     0 | D:1      | Majang the Deep Dwarf Transmuter began the quest for the
                  | Orb.
     0 | D:1      | Reached XP level 1. HP: 16/16 MP: 3/3
    66 | D:1      | Reached skill level 1 in Fighting
   316 | D:1      | Reached XP level 2. HP: 16/25 MP: 2/4
   323 | D:1      | Learned a level 2 spell: Wereblood
   722 | D:2      | Reached skill level 1 in Axes
   925 | D:2      | Reached XP level 3. HP: 31/31 MP: 2/5
  1286 | D:2      | Reached skill level 1 in Armour
  1420 | D:2      | Found a faded altar of an unknown god.
  1634 | D:2      | Reached XP level 4. HP: 39/39 MP: 2/7
  2133 | D:3      | Found an ornate altar of the Wu Jian Council.
  2146 | D:3      | Reached skill level 2 in Axes
  2161 | D:3      | Found a glowing drain.
  2184 | Sewer    | Entered a sewer
  2445 | Sewer    | Reached XP level 5. HP: 34/45 MP: 8/8
  2734 | Sewer    | Reached skill level 3 in Axes
  2763 | Sewer    | Reached XP level 6. HP: 28/55 MP: 8/8
  3924 | D:4      | Reached XP level 7. HP: 24/62 MP: 5/9
  4129 | D:4      | Noticed Pikel
  4158 | D:4      | Killed Pikel
  4159 | D:4      | Reached skill level 4 in Axes
  4384 | D:4      | Found a glowing golden altar of the Shining One.
  4513 | D:4      | Found a runed translucent door.
  4514 | D:4      | Noticed Crazy Yiuf
  4763 | D:5      | Entered Level 5 of the Dungeon
  4833 | D:5      | Reached XP level 8. HP: 36/72 MP: 5/9
  4983 | D:5      | Reached skill level 5 in Axes
  4994 | D:5      | Noticed Sigmund
  5028 | D:5      | Killed Sigmund
  5155 | D:5      | Found a shadowy altar of Dithmenos.
  6002 | D:5      | Found an ancient bone altar of Kikubaaqudgha.
  6038 | D:5      | Reached skill level 5 in Fighting
  6291 | D:5      | Found an opulent altar of Gozag.
  6369 | D:6      | Reached skill level 10 in Axes
  6369 | D:6      | Gained mutation: You passively map the area around you.
                  | [Deep Dwarf growth]
  6369 | D:6      | Reached XP level 9. HP: 34/81 MP: 11/11
  6454 | D:6      | Found a staircase to the Ecumenical Temple.
  6477 | Temple   | Entered the Ecumenical Temple
  6483 | Temple   | Became a worshipper of Cheibriados the Contemplative
  6727 | D:6      | Found a bloodstained altar of Trog.
  6910 | D:6      | Reached * piety under Cheibriados
  6925 | D:6      | Noticed a two-headed ogre
  6938 | D:6      | Killed a two-headed ogre
  6939 | D:6      | Reached skill level 5 in Dodging
  6939 | D:6      | Reached skill level 1 in Invocations
  6939 | D:6      | Reached XP level 10. HP: 60/88 MP: 10/12
  7199 | D:4      | Killed Crazy Yiuf
  7214 | D:4      | Identified the +5 mace "Giantslayer" {flame, rElec rC-
                  | Will++}
  7329 | D:7      | Found Yhouxueh's Assorted Antiques.
  7589 | D:7      | Reached skill level 11 in Axes
  8053 | D:8      | Found Etuzuec's Antique Weapon Shoppe.
  8135 | D:8      | Found a staircase to the Lair.
  8194 | D:8      | Found Atsog's Antique Weapon Emporium.
  8226 | D:8      | Found Pukudoj's Assorted Antiques.
  8233 | D:8      | Bought a pair of jewelled boots for 247 gold pieces
  8233 | D:8      | Identified the +0 pair of boots "Diocozy" {Harm rElec} (You
                  | bought it in a shop on level 8 of the Dungeon)
  8272 | D:8      | Noticed Maurice
  8293 | D:8      | Killed Maurice
  8319 | D:8      | Found Omierpha's Antique Weapon Boutique.
  8327 | D:8      | Bought a glowing war axe for 130 gold pieces
  8601 | D:8      | Upgraded the game from 0.27-a0-1448-g9c78c815f3 to
                  | 0.27-a0-1456-gf5a116941d
  8634 | Lair:1   | Entered Level 1 of the Lair of Beasts
  8639 | Lair:1   | Noticed Urug
  8646 | Lair:1   | Noticed a cane toad
  8652 | Lair:1   | Noticed a cane toad
  9100 | D:9      | Noticed a green ugly thing
  9101 | D:9      | Noticed a rakshasa
  9125 | D:9      | Collided with a stone wall

Illustrated notes

Levels and vault maps discovered:
D:1:      dpeg_arrival_houses_and_road, layout_basic, st_stairs_14,
          chequers_serial_rivers_micro_e
D:2:      layout_loops_ring, ebering_ecumenical_altar_webs
D:3:      layout_loops_ring, pdpol_wu_jian_five_deadly_venoms,
          gup_sewer_entry_glass
D:4:      layout_loops_ring, lemuel_coloured_pillars_altar,
          uniq_crazy_yiuf_cottage, uniq_pikel
D:5:      black_bear_nest_1, layout_layer_cave,
          nicolae_dithmenos_through_a_glass_darkly, kiku_gazebo_garden_becter,
          lemuel_doored_altar, uniq_sigmund
D:6:      layout_basic, trog_hazing_becter, minmay_temple_entry_drinking_statues
D:7:      kennysheep_steamy, layout_cave_pools, serial_shops,
          nicolae_shop_temple_entry_statues_fountains
D:8:      layout_gridville, david_lair_shrubbed, serial_shops, shop, shop, shop,
          nicolae_shop_competitors_out_of_business, uniq_maurice
D:9:      layout_loops_cross, kennysheep_mini_moat, tgw_fedhas
Temple:   cyrus_circular_temple
Lair:1:   minmay_lair_venomous_thicket, layout_loops_ring, grunt_megastairs_3,
          uniq_gastronok, uniq_maggie, uniq_urug

Skill      XL: |  1  2  3  4  5  6  7  8  9 10 |
---------------+-------------------------------+-----
Fighting       | 1 2 3 4 5 |  5.9
Transmutations | 2 3 8 |  8.8
Axes           | 1 2 3 4 10 11 | 11.2
Spellcasting   | 2 3 4 |  4.1
Armour         | 1 2 3 4 |  4.8
Dodging        | 3 4 5 |  5.5
Invocations    | 1 2 |  2.8
Unarmed Combat | |  2.6

Action                   |  1- 3 |  4- 6 |  7- 9 | 10-12 || total
-------------------------+-------+-------+-------+-------++-------
Melee: Unarmed           |    20 |       |       |       ||    20
       Kick              |    14 |     2 |    17 |     1 ||    34
       Headbutt          |     9 |     2 |    15 |     2 ||    28
       Short sword       |    20 |       |       |       ||    20
       Hand axe          |    49 |   330 |   270 |   104 ||   753
       Punch             |       |     3 |     1 |    11 ||    15
       Spear             |       |       |       |   217 ||   217
       Battleaxe         |       |       |       |     6 ||     6
       Mace              |       |       |       |     3 ||     3
Throw: Dart              |       |     1 |     3 |     1 ||     5
       Throwing net      |       |       |     3 |       ||     3
       Javelin           |       |       |     1 |     7 ||     8
 Cast: Beastly Appendage |    17 |     3 |    10 |     1 ||    31
       Wereblood         |    12 |    12 |    30 |    25 ||    79
Invok: Bend Time         |       |       |       |     3 ||     3
 Abil: Heal Wounds       |       |     6 |     6 |    10 ||    22
Evoke: Wand              |       |       |       |     1 ||     1
  Use: Scroll            |       |     2 |    18 |     4 ||    24
       Potion            |       |       |     2 |     1 ||     3
 Stab: Sleeping          |     1 |       |       |       ||     1
       Held in net/web   |       |       |     2 |       ||     2
Armor: Robe              |    12 |     1 |       |       ||    13
       Scale mail        |       |    93 |       |       ||    93
       Ring mail         |       |    30 |   108 |   150 ||   288
Dodge: Dodged            |    53 |   144 |   125 |   197 ||   519

Table legend: (Time is in decaauts)
 A = Elapsed time spent in this place.
 B = Non-inter-level travel time spent in this place.
 C = Inter-level travel time spent in this place.
 D = Time resting spent in this place.
 E = Time spent auto-exploring this place.
 F = Levels seen in this place.
 G = Mean time per level.
                   A        B        C        D        E       F      G
               +--------+--------+--------+--------+--------+-----+--------+
         Total |  10023 |   9515 |    508 |    771 |   5782 |  12 |  835.2 |
       Dungeon |   9002 |   8495 |    507 |    771 |   5753 |   9 | 1000.2 |
        Temple |     96 |     96 |      0 |      0 |      0 |   1 |   96.0 |
          Lair |     24 |     24 |      0 |      0 |      0 |   1 |   24.0 |
         Sewer |    900 |    900 |      0 |      0 |     29 |   1 |  900.0 |
               +--------+--------+--------+--------+--------+-----+--------+

Top non-repeatable levels by time:
     D:5: 1645 daAuts
     D:2: 1359 daAuts
     D:4: 1263 daAuts
     D:8: 932 daAuts
   Sewer: 900 daAuts
     D:6: 859 daAuts
     D:3: 846 daAuts
     D:7: 811 daAuts
     D:1: 762 daAuts
     D:9: 522 daAuts
  Temple: 96 daAuts
  Lair:1: 24 daAuts
